 Dungeon Crawl Stone Soup version 0.18.1-5-g4a78601 (webtiles) character file.

21 Esekla the Ducker (level 2, -1/14 HPs)
             Began as a Spriggan Transmuter on May 14, 2016.
             Slain by an adder (3 damage)
             ... on level 2 of the Dungeon.
             The game lasted 00:13:55 (1255 turns).

Esekla the Ducker (Spriggan Transmuter)             Turns: 1255, Time: 00:13:56

Health: -1/14      AC:  2    Str:  6    XL:     2   Next: 62%
Magic:  6/6        EV: 18    Int: 14    God:
Gold:   20         SH:  0    Dex: 16    Spells: 1 memorised, 5 levels left

rFire  . . .     SeeInvis +     g - +0 whip (elec)
rCold  . . .     Gourm    .     b - +0 robe
rNeg   . . .     Faith    .     (shield restricted)
rPois  .         Spirit   .     (helmet restricted)
rElec  .         Dismiss  .     (no cloak)
rCorr  .         Reflect  .     (gloves unavailable)
SustAt .         Harm     .     (boots unavailable)
MR     .....                    (no amulet)
Stlth  +.........               (no ring)
                                (no ring)

@: very quick, not resistant to hostile enchantments, very unstealthy
A: unfitting armour, see invisible, herbivore 3, speed 3, slow metabolism 2
a: no special abilities


You were on level 2 of the Dungeon.
You were not hungry.

You visited 1 branch of the dungeon, and saw 2 of its levels.

You collected 20 gold pieces.

Inventory:

Hand Weapons
 g - a +0 whip of electrocution (weapon)
 h - a +0 hand axe
Missiles
 a - 12 arrows
 e - 28 stones (quivered)
Armour
 b - a +0 robe (worn)
Books
 c - a book of Changes

   Spells                             Type                      Level
   a - Beastly Appendage              Transmutation                1
   b - Sticks to Snakes               Transmutation                2
   c - Spider Form                    Transmutation/Poison         3
   d - Ice Form                       Ice/Transmutation            4
   e - Blade Hands                    Transmutation                5
Comestibles
 d - a bread ration
 f - 2 fruits


   Skills:
 - Level 1.0 Fighting
 * Level 1.2 Maces & Flails
 - Level 1.0 Throwing
 - Level 3.1 Dodging
 - Level 2.4 Unarmed Combat
 - Level 2.6 Spellcasting
 - Level 2.6 Transmutations


You had 5 spell levels left.
You knew the following spells:

 Your Spells              Type           Power        Failure   Level  Hunger
a - Beastly Appendage     Trmt           #.....       10%         1    #......


Dungeon Overview and Level Annotations

Branches:
Dungeon (2/15)

Altars:
The Shining One


Innate Abilities, Weirdness & Mutations

You are tiny and cannot use many weapons and most armour.
You have supernaturally acute eyesight.
You are a herbivore.
You cover ground extremely quickly.
You need consume almost no food.


Message History

The adder misses you. The goblin misses you. The adder closely misses you.
You miss the adder.
The adder is moderately wounded.
The adder bites you.
* * * LOW HITPOINT WARNING * * *
The goblin completely misses you.
The teleport trap disappears.
The goblin disappears!
A kobold comes into view. It is wielding a dagger.
The kobold shouts!
You hear a shout!
Found a hand axe.
Found a stone staircase leading down.
A hobgoblin comes into view. It is wielding a club.
The hobgoblin shouts!
The adder misses you.
You miss the adder.
The adder is moderately wounded.
The adder closely misses you. The kobold hits you but does no damage.
You hit the adder.
The adder is heavily wounded.
The adder bites you.
You die...

#.........#
#.†.<.....#
#.........#
#...........
#.........##
##........<# ##
######..........#
#..
##.S....#........(.
#...
#.@######.........#
#....##K##
#........#
#)..>.g.# #####....
#....#### .## #...
# #.. ##


You could see an adder, a hobgoblin and a kobold.

Vanquished Creatures
  A hobgoblin (D:1)
  4 jackals (D:1)
  3 bats
  A giant newt (D:1)
  4 goblins (D:1)
  6 kobolds (D:1)
  3 rats (D:1)
22 creatures vanquished.

Notes
Turn   | Place    | Note
--------------------------------------------------------------
     0 | D:1      | Esekla the Spriggan Transmuter began the quest for the Orb.
     0 | D:1      | Reached XP level 1. HP: 9/9 MP: 5/5
   171 | D:1      | Reached skill level 1 in Fighting
   289 | D:1      | Found a glowing golden altar of the Shining One.
   745 | D:1      | Reached XP level 2. HP: 14/14 MP: 6/6
   829 | D:1      | Reached skill level 1 in Throwing
  1020 | D:1      | Reached skill level 1 in Maces & Flails
  1255 | D:2      | Slain by an adder

Skill      XL: |  1  2 |
---------------+-------+-----
Fighting       | 1 |  1.0
Throwing       | 1 |  1.0
Maces & Flails | 1 |  1.2
Dodging        | |  3.1
Unarmed Combat | |  2.4
Spellcasting   | |  2.6
Transmutations | |  2.6

Action                   || total
-------------------------++-------
Melee: Whip              ||    69
       Unarmed           ||     2
Throw: Stone             ||    57
Armor: Robe              ||     7
Dodge: Dodged            ||    84
